 Dungeon Crawl Stone Soup version 0.30-a0-939-gc8157cb160 (webtiles) character file.

Game seed: 13298218752196952980

3843 Jeffwins the Skirmisher (level 10, -4/67 HPs)
             Began as a Human Wanderer on Mar 26, 2023.
             Was an Initiate of Gozag.
             Slain by a komodo dragon (23 damage)
             ... on level 8 of the Dungeon.
             The game lasted 00:18:18 (9119 turns).

Jeffwins the Skirmisher (Human Wanderer)            Turns: 9119, Time: 00:18:19

Health: -4/67      AC:  7    Str: 15    XL:     10   Next: 41%
Magic:  11/17      EV: 10    Int: 15    God:    Gozag
Gold:   409        SH:  8    Dex: 12    Spells: 10/19 levels left

rFire   . . .      SeeInvis .    a - +2 sling
rCold   . . .      Faith    .    I - +0 buckler
rNeg    . . .      Spirit   .    e - +0 leather armour
rPois   .          Reflect  +    x - +1 helmet
rElec   .          Rampage  .    (no cloak)
rCorr   .                        o - +0 pair of gloves
Will    .....                    r - +0 pair of boots
Stlth   +++                      k - amulet of reflection
HPRegen 0.31/turn                L - ring of flight
MPRegen 0.15/turn                (no ring)

@: flying
A: no striking features
a: Renounce Religion, Potion Petition, Call Merchant, Bribe Branch


You were on level 8 of the Dungeon.
You worshipped Gozag.
Gozag was aware of your devotion.
You visited 2 branches of the dungeon, and saw 9 of its levels.

You collected 681 gold pieces.
You spent 120 gold pieces at shops.
You paid 152 gold pieces to Gozag.


   Skills:
 - Level 2.0 Fighting
 - Level 4.0 Polearms
 * Level 8.9 Ranged Weapons
 + Level 1.2 Throwing
 - Level 2.0 Armour
 - Level 5.1 Stealth
 + Level 0.0 Shields
 + Level 5.3 Spellcasting
 * Level 0.7 Necromancy
 - Level 5.0 Translocations
 * Level 8.2 Ice Magic
 + Level 5.9 Evocations


You had 10 spell levels left.
You knew the following spells:

 Your Spells              Type           Power      Damage    Failure   Level
n - Dispel Undead         Necr           6%         3d8       89%         4
x - Frozen Ramparts       Ice            56%        1d9       2%          3
I - Blink                 Tloc           36%        N/A       5%          2

Your spell library contained the following spells:

 Spells                   Type           Power      Damage    Failure   Level
 Freeze                   Ice            100%       1d10      1%          1
 Ozocubu's Armour         Ice            28%        N/A       2%          3
 Hailstorm                Conj/Ice       16%        3d6       14%         3
 Kiss of Death            Conj/Necr      20%        2d7       22%         1
 Slow                     Hex            12%        N/A       26%         1
 Vhi's Electric Charge    Tloc/Air       22%        N/A       28%         3
 Manifold Assault         Tloc           18%        N/A       34%         4
 Vampiric Draining        Necr           6%         2d6       52%         3
 Confusing Touch          Hex            3%         N/A       63%         3
 Arcjolt                  Conj/Air       1%         1d11      100%        5
 Ozocubu's Refrigeration  Ice            14%        4d10      100%        7
 Storm Form               Tmut/Air       1%         N/A       100%        7
 Maxwell's Capacitive Co  Air            1%         ∞         100%        8

Inventory:

Hand Weapons
 a - a +2 sling (weapon)
 B - a +1 halberd of venom
 G - a +2 dagger of electrocution
Missiles
 d - 4 poisoned darts
 A - 2 curare-tipped darts {=f}
 H - a throwing net {=f}
Armour
 e - a +0 leather armour (worn)
 o - a +0 pair of gloves (worn)
 r - a +0 pair of boots (worn)
 x - a +1 helmet (worn)
 I - a +0 buckler (worn)
Magical Staves
 g - a staff of poison
Jewellery
 f - an amulet of the acrobat
 i - an amulet of magic regeneration
 k - an amulet of reflection (around neck)
 C - a ring of ice
 L - a ring of flight (left hand)
Wands
 E - a wand of polymorph (30)
Scrolls
 h - 2 scrolls of brand weapon
 m - a scroll of fear
 p - 6 scrolls of immolation {!r}
 s - 2 scrolls of poison {!r}
 t - a scroll of fog
 u - a scroll of blinking
 v - a scroll of amnesia
 w - 2 scrolls of magic mapping
 y - 2 scrolls of enchant weapon
 D - a scroll of enchant armour
Potions
 b - a potion of brilliance
 j - a potion of magic
 l - 2 potions of might
 n - a potion of cancellation {unknown}
 q - a potion of haste {unknown}
 z - 2 potions of curing {unknown}
 F - a potion of heal wounds {@q2}
Miscellaneous
 c - a piece from Xom's chessboard (inert)

Dungeon Overview and Level Annotations

Branches:
Dungeon (8/15)             Temple (1/1) D:7
   Lair: D:8-11

Altars:
Ashenzari
Cheibriados
Dithmenos
Elyvilon
Fedhas
Gozag
Hepliaklqana
Kikubaaqudgha
Makhleb
Nemelex Xobeh
Okawaru
Qazlal
Ru
Sif Muna
Trog
Uskayaw
Vehumet
Wu Jian
Xom
Yredelemnul
Zin
The Shining One

Shops:
D:1 (   D:4 [=[=   D:7 *

Annotations:
D:4 2 transporters, patfeehan111222's ghost, amateur MiBe

####### #....# ......# #....#
......# #....# ......# +....#
......# #....# ......# #....#
......# #....# ..z...# #@...#
......# #l...+ ##....# #....#
+###### .#....# #....# .......
.#>...##########....# .......
.#..)....(..........# .......
.###'#..............#+###.....
.....+..................#.l.
.....#..................#'###


You could see a komodo dragon.


Message History

You shoot a sling bullet.
The sling bullet hits the komodo dragon.
The komodo dragon is almost dead.
The wall freezes the komodo dragon but does no damage.
You block the komodo dragon's attack.
Unknown command.
You shoot a sling bullet.
The sling bullet barely misses the komodo dragon.
The wall freezes the komodo dragon.
The komodo dragon seems to slow down.
You block the komodo dragon's attack.
Unknown command.
You shoot a sling bullet.
The sling bullet hits the komodo dragon.
The komodo dragon is almost dead.
The wall freezes the komodo dragon but does no damage.
The komodo dragon bites you!
* * * LOW HITPOINT WARNING * * *
Unknown command.
You shoot a sling bullet.
The sling bullet hits the komodo dragon.
The komodo dragon is almost dead.
Unknown command.
You shoot a sling bullet.
The sling bullet hits the komodo dragon but does no damage.
The komodo dragon is almost dead.
The frozen ramparts melt away.
The komodo dragon is no longer moving slowly.
The komodo dragon bites you!!
You die...
Your body crumbles into a pile of gold.

Skill      XL: |  1  2  3  4  5  6  7  8  9 10 |
---------------+-------------------------------+-----
Stealth        | 1 2 5 |  5.1
Ranged Weapons | 3 7 8 |  8.9
Spellcasting   | 1 4 5 |  5.3
Translocations | 1 4 5 |  5.0
Fighting       | 2 |  2.0
Ice Magic      | 1 6 7 8 |  8.2
Evocations     | 2 4 5 |  5.9
Throwing       | 1 |  1.2
Polearms       | |  4.0
Armour         | |  2.0
Necromancy     | |  0.7

Action                     |  1- 3 |  4- 6 |  7- 9 | 10-12 || total
---------------------------+-------+-------+-------+-------++-------
  Melee: Sling             |       |       |    13 |       ||    13
   Fire: Sling             |   130 |   164 |   401 |   120 ||   815
   Cast: Blink             |       |       |     4 |     4 ||     8
         Frozen Ramparts   |       |       |     9 |    13 ||    22
  Evoke: Piece from Xom's  |     1 |    13 |    11 |     3 ||    28
         Wand              |       |       |     3 |     2 ||     5
    Use: Potion            |       |     2 |    10 |       ||    12
         Scroll            |       |       |    11 |     3 ||    14
 Armour: Leather armour    |    37 |    45 |    72 |    15 ||   169
         Skin              |       |       |     1 |       ||     1
  Dodge: Dodged            |    81 |    71 |   124 |    35 ||   311
  Block: Buckler           |       |       |       |    10 ||    10

Levels and vault maps discovered:
D:1:      dpeg_arrival_brainrot, layout_loops_ring, serial_shops,
          nicolae_shop_behind_doors, shapermc_ecumenical_altar_acropolis
D:2:      layout_basic
D:3:      layout_rooms, mainiacjoe_overflow_boulevard
D:4:      minmay_chambers_of_threes, layout_basic, gammafunk_ghost_smash,
          minmay_misc_feat_x, minmay_shop_grid_forest,
          corexii_item_surrounded_by_moat
D:5:      layout_layer_cave, minmay_misc_feat_hallway,
          chequers_serial_rivers_small_b
D:6:      layout_basic, minmay_crystal_room
D:7:      minmay_slanted_spiral_squares, layout_rooms,
          minmay_temple_entry_water_ring, serial_shops, shop
D:8:      layout_gridville, grunt_temple_overflow_diamond, uniq_gastronok
Temple:   regret_index_temple_chain_breaker

Notes
Turn   | Place    | Note
-------+----------+-------------------------------------------
     0 | D:1      | Jeffwins the Human Wanderer began the quest for the Orb.
     0 | D:1      | Jeffwins set off with the following items: a +2 sling, a +0
                  | spear, a piece from Xom's chessboard (15/15), a potion of
                  | heal wounds {@q2}, a +0 leather armour.
     0 | D:1      | Reached XP level 1. HP: 15/15 MP: 1/1
   128 | D:1      | Reached XP level 2. HP: 9/21 MP: 2/2
   320 | D:1      | Reached skill level 1 in Stealth
   320 | D:1      | Reached XP level 3. HP: 20/26 MP: 3/3
   323 | D:1      | Learned a level 2 spell: Blink
   437 | D:1      | Found Daodatiw's Antique Weapon Emporium.
   617 | D:1      | Found a faded altar of an unknown god.
   959 | D:2      | Reached XP level 4. HP: 7/32 MP: 4/4
  1785 | D:3      | Found a burning altar of Makhleb.
  1808 | D:3      | Reached skill level 3 in Ranged Weapons
  2188 | D:3      | Reached skill level 1 in Spellcasting
  2188 | D:3      | Reached XP level 5. HP: 38/38 MP: 6/6
  2324 | D:4      | Reached skill level 1 in Translocations
  2471 | D:4      | Noticed a black bear
  2495 | D:4      | Killed a black bear
  2496 | D:4      | Reached skill level 2 in Fighting
  2496 | D:4      | Reached skill level 2 in Stealth
  2496 | D:4      | Reached skill level 1 in Ice Magic
  2496 | D:4      | Reached skill level 2 in Evocations
  2496 | D:4      | Reached XP level 6. HP: 32/44 MP: 6/8
  2726 | D:4      | Found a transporter.
  2727 | D:4      | Noticed an ogre
  2727 | D:4      | Noticed an ogre
  2727 | D:4      | Noticed patfeehan111222's ghost (amateur MiBe)
  2731 | D:4      | Identified the +0 dire flail of Efeanwo {freeze, rN+ Str+3}
  2731 | D:4      | Noticed an ogre
  2735 | D:4      | Found a transporter.
  2967 | D:4      | Identified a potion of experience
  2967 | D:4      | Reached skill level 7 in Ranged Weapons
  2967 | D:4      | Reached skill level 5 in Stealth
  2967 | D:4      | Reached skill level 4 in Spellcasting
  2967 | D:4      | Reached skill level 4 in Translocations
  2967 | D:4      | Reached skill level 6 in Ice Magic
  2967 | D:4      | Reached skill level 4 in Evocations
  2967 | D:4      | Reached XP level 7. HP: 33/50 MP: 8/13
  3261 | D:4      | Found Wichey's Jewellery Emporium.
  3312 | D:4      | Found Geapteps's Armour Emporium.
  3312 | D:4      | Found Niduliboecw's Jewellery Emporium.
  3319 | D:4      | Found Qinust's Antique Armour Emporium.
  3610 | D:5      | Entered Level 5 of the Dungeon
  3691 | D:4      | Reached XP level 8. HP: 46/56 MP: 14/14
  4199 | D:5      | Reached skill level 5 in Evocations
  4668 | D:5      | HP: 3/56 [water moccasin (3)]
  4670 | D:5      | Identified a potion of resistance
  4678 | D:5      | HP: 5/56 [poisoned by a water moccasin]
  4678 | D:5      | HP: 2/56 [water moccasin (3)]
  5093 | D:5      | Reached skill level 7 in Ice Magic
  5735 | D:6      | Reached XP level 9. HP: 43/60 MP: 15/15
  5827 | D:6      | Learned a level 3 spell: Frozen Ramparts
  6327 | D:6      | Reached skill level 8 in Ranged Weapons
  6602 | D:7      | Noticed a two-headed ogre
  6876 | D:7      | Found a staircase to the Ecumenical Temple.
  6889 | D:7      | Reached skill level 5 in Translocations
  6897 | Temple   | Entered the Ecumenical Temple
  7004 | Temple   | Became a worshipper of Gozag Ym Sagoz the Greedy
  7061 | D:7      | Found Cotroat's Assorted Antiques.
  7211 | D:7      | Bought a scroll labelled UTHYLO RAZUSEV for 24 gold pieces
  7211 | D:7      | Bought a worn fluorescent wand for 96 gold pieces
  7319 | D:7      | Killed a two-headed ogre
  7645 | D:7      | Reached skill level 5 in Spellcasting
  7645 | D:7      | Reached XP level 10. HP: 39/67 MP: 14/17
  8077 | D:7      | Reached skill level 8 in Ice Magic
  8118 | D:7      | Reached skill level 1 in Throwing
  8275 | D:7      | Learned a level 4 spell: Dispel Undead
  8944 | D:8      | Found a hide-covered altar of Uskayaw.
  8947 | D:8      | Found a basalt altar of Yredelemnul.
  8951 | D:8      | Found an ornate altar of the Wu Jian Council.
  9086 | D:8      | Noticed a komodo dragon
  9119 | D:8      | Slain by a komodo dragon

Vanquished Creatures
  A two-headed ogre (D:7)
  2 wraiths (D:7)
  4 water moccasins
  2 black bears
  2 ice beasts (D:7)
  A sky beast (D:7)
  2 kobold brigands
  4 bullfrogs
  A gnoll sergeant (D:8)
  A scorpion (D:4)
  5 wights
  3 howler monkeys
  3 hounds
  A gnoll bouda (D:4)
  3 orc priests
  2 jellies
  7 iguanas
  5 orc wizards
  A sleepcap (D:5)
  7 gnolls
  10 adders
  3 shadow imps
  A white imp (D:7)
  An ufetubus (D:6)
  2 worms
  2 dart slugs (D:3)
  22 orcs
  10 endoplasms
  3 giant cockroaches
  8 goblins
  8 hobgoblins
  13 jackals
  13 kobolds
  2 quokkas
  7 ball pythons
  9 bats
  A frilled lizard (D:1)
  5 rats
177 creatures vanquished.

Vanquished Creatures (others)
  A plant (D:1)
1 creature vanquished.

Grand Total: 178 creatures vanquished

Table legend: (Time is in decaauts)
 A = Elapsed time spent in this place.
 B = Non-inter-level travel time spent in this place.
 C = Inter-level travel time spent in this place.
 D = Time resting spent in this place.
 E = Time spent auto-exploring this place.
 F = Levels seen in this place.
 G = Mean time per level.
                   A        B        C        D        E       F      G
               +--------+--------+--------+--------+--------+-----+--------+
         Total |   9274 |   8945 |    329 |   1066 |   6076 |   9 | 1030.4 |
       Dungeon |   9155 |   8837 |    318 |   1066 |   5992 |   8 | 1144.4 |
        Temple |    119 |    108 |     11 |      0 |     84 |   1 |  119.0 |
               +--------+--------+--------+--------+--------+-----+--------+

Top non-repeatable levels by time:
     D:5: 1652 daAuts
     D:7: 1491 daAuts
     D:4: 1481 daAuts
     D:6: 1326 daAuts
     D:1: 928 daAuts
     D:2: 847 daAuts
     D:8: 826 daAuts
     D:3: 600 daAuts
  Temple: 119 daAuts

Table legend:
 A = Non-vault XP
 B = Vault XP
 C = Vault XP percentage of total XP
 D = Non-vault monster count
 E = Vault monster count
 F = Vault count percentage of total count
                 A         B        C        D         E       F
            +---------+---------+-------+---------+---------+-------
      Total |    3815 |    1278 |  25.1 |     150 |      27 |  15.3
            +---------+---------+-------+---------+---------+-------
        D:1 |      44 |       2 |   4.3 |      27 |       1 |   3.6
        D:2 |      40 |       0 |   0.0 |      15 |       0 |   0.0
        D:3 |      90 |       0 |   0.0 |      15 |       0 |   0.0
        D:4 |     415 |     105 |  20.2 |      30 |      12 |  28.6
        D:5 |     650 |       0 |   0.0 |      19 |       0 |   0.0
        D:6 |     564 |       0 |   0.0 |      23 |       0 |   0.0
        D:7 |    1590 |    1171 |  42.4 |       9 |      14 |  60.9
        D:8 |     422 |       0 |   0.0 |      12 |       0 |   0.0
            +---------+---------+-------+---------+---------+-------
